 Dungeon Crawl Stone Soup version 0.31.0-32-g396128a36d (webtiles) character file.

Game seed: 9735536725227531935

127 PaiMei the Gusty (level 5, -2/29 HPs)
             Began as a Tengu Air Elementalist on Mar 15, 2024.
             Killed from afar by an orc wizard (6 damage)
             ... with a magic dart
             ... on level 3 of the Dungeon.
             The game lasted 00:02:57 (2631 turns).

PaiMei the Gusty (Tengu Air Elementalist)           Turns: 2631, Time: 00:02:57

Health: -2/29      AC:  2    Str:  8    XL:     5   Next: 11%
Magic:  3/10       EV: 13    Int: 17    God:
Gold:   75         SH:  0    Dex: 15    Spells: 8/9 levels left

rFire   . . .        l - +2 flail (protect)
rCold   . . .        (no shield)
rNeg    . . .        a - +0 robe
rPois   .            (helmet restricted)
rElec   .            (no cloak)
rCorr   .            (no gloves)
SInv    .            (boots unavailable)
Will    .....        (no amulet)
Stlth   ++           (no ring)
HPRegen 0.24/turn    (no ring)
MPRegen 0.12/turn

%: acrobat
@: no status effects
A: beak, talons 3, acrobatic
a: no special abilities


You were on level 3 of the Dungeon.
You visited 1 branch of the dungeon, and saw 3 of its levels.

You collected 75 gold pieces.

Inventory:

Hand Weapons
 d - a +0 short sword
 l - a +2 flail of protection (weapon)
Armour
 a - a +0 robe (worn)
Wands
 i - a wand of iceblast (9)
Scrolls
 e - 2 scrolls of fear {unknown}
 g - a scroll of brand weapon {unknown}
 h - 2 scrolls of poison {unknown}
 n - a scroll of identify {unknown}
 p - a scroll of summoning {unknown}
Potions
 b - a potion of magic
 c - a potion of ambrosia {unknown}
 f - a potion of brilliance {unknown}
 j - a potion of cancellation {unknown}
 k - a potion of curing {unknown}
 m - a potion of attraction {unknown}
 o - a potion of berserk rage {unknown}


   Skills:
 + Level 1.3 Fighting
 + Level 3.2 Dodging
 - Level 2.3 Stealth
 + Level 2.7 Spellcasting
 + Level 3.0 Conjurations
 + Level 4.8 Air Magic


You had 8 spell levels left.
You knew the following spells:

 Your Spells              Type           Power      Damage    Failure   Level
a - Shock                 Conj/Air       60%        1d6       3%          1

Your spell library contained the following spells:

 Spells                   Type           Power      Damage    Failure   Level
 Static Discharge         Conj/Air       30%        3-5/arc   5%          2
 Swiftness                Air            18%        N/A       8%          3
 Slow                     Hex            8%         N/A       19%         1
 Airstrike                Air            9%         2d(2-18)  24%         4
 Confusing Touch          Hex            2%         N/A       47%         3
 Sigil of Binding         Hex            2%         N/A       47%         3
 Vampiric Draining        Necr           2%         2d6       47%         3


Dungeon Overview and Level Annotations

Branches:
Dungeon (3/15)

Altars:


Innate Abilities, Weirdness & Mutations

You have a beak for a mouth.
You have claws for feet.
You can magically evade attacks while moving or waiting.


Message History

You bump into the rock wall.
The orc wizard hits you with a +0 dagger.
* * * LOW HITPOINT WARNING * * *
You bump into the rock wall.
The orc wizard hits you with a +0 dagger.
* * * LOW HITPOINT WARNING * * *
You bump into the rock wall.
The orc wizard hits you but does no damage.
You're too confused to cast spells.
You barely miss the orc wizard.
The orc wizard is severely wounded.
The orc wizard barely misses you.
You're too confused to cast spells.
You bump into the rock wall.
The orc wizard hits you with a +0 dagger.
* * * LOW HITPOINT WARNING * * *
You bump into the rock wall.
You feel less confused. The orc wizard casts a spell at you.
You resist with some effort.
Casting: Shock (safe; 3% risk of failure)
Confirm with . or Enter, or press ? or * to list all spells.
Aiming: Shock (safe; 3% risk of failure)
Press: ? - help, Shift-Dir - straight line, f/p - orc wizard
Aim: an orc wizard, wielding a +0 dagger and wearing a +0 robe (severely wounded, 64% to hit)
The zap hits the orc wizard but does no damage.
The orc wizard is severely wounded.
The orc wizard casts a spell.
The orc wizard flickers and vanishes!
Deactivating autopickup; reactivate with Ctrl-A.
You miss something. You claw something. Something barely misses you.
You hear some strange, mumbled words.
A magic dart appears from out of thin air!
The magic dart hits you.
* * * LOW HITPOINT WARNING * * *
You closely miss something. Your kick misses something.
You hear some strange, mumbled words.
A magic dart appears from out of thin air!
The magic dart hits you.
You die...

##...##
#####.#####
##+# #.# #.#
#.# #.# #.# #.#
...##########.#
#..).)){@....#
#.############


There were no monsters in sight!

Vanquished Creatures
  3 gnolls (D:2)
  4 adders
  2 ribbon worms (D:2)
  2 dart slugs
  4 orcs (D:3)
  2 ball pythons
  3 endoplasms
  2 giant cockroaches (D:1)
  2 goblins
  3 hobgoblins
  6 jackals
  2 quokkas (D:1)
  6 bats
  A frilled lizard (D:2)
  3 kobolds (D:1)
  4 rats
49 creatures vanquished.

Notes
Turn   | Place    | Note
-------+----------+-------------------------------------------
     0 | D:1      | PaiMei the Tengu Air Elementalist began the quest for the
                  | Orb.
     0 | D:1      | Reached XP level 1. HP: 10/10 MP: 4/4
   339 | D:1      | Reached XP level 2. HP: 15/15 MP: 0/6
   821 | D:1      | Reached XP level 3. HP: 19/19 MP: 5/7
  1536 | D:2      | Reached XP level 4. HP: 9/24 MP: 0/8
  2035 | D:2      | Reached skill level 1 in Fighting
  2481 | D:3      | Reached XP level 5. HP: 21/29 MP: 2/10
  2631 | D:3      | Killed from afar by an orc wizard

Illustrated notes

Levels and vault maps discovered:
D:1:      dpeg_chamrin_arrival_tetris, layout_basic, chequers_arboretum
D:2:      layout_loops_ring, kennysheep_generic_room_14
D:3:      layout_loops_corners, mainiacjoe_overflow_catwalk

Skill      XL: |  1  2  3  4  5 |
---------------+----------------+-----
Conjurations   | 2 3 |  3.0
Fighting       | 1 |  1.3
Dodging        | 3 |  3.2
Stealth        | |  2.3
Spellcasting   | |  2.7
Air Magic      | |  4.8

Action                     |  1- 3 |  4- 6 || total
---------------------------+-------+-------++-------
  Melee: Short sword       |    10 |     8 ||    18
         Kick              |     4 |     3 ||     7
         Peck              |     3 |     1 ||     4
         Flail             |       |    11 ||    11
   Cast: Shock             |    53 |    55 ||   108
 Armour: Robe              |     9 |    21 ||    30
  Dodge: Dodged            |    12 |    24 ||    36
